 Dungeon Crawl Stone Soup version 0.26-a0-812-g31a745ddcd (webtiles) character file.

Game seed: 10438088915377675626

9406 Apogee the Fighter (level 11, -8/108 HPs)
             Began as a Palentonga Berserker on Dec 3, 2020.
             Was a High Priest of Trog.
             Hit by a javelin thrown by Urug (24 damage)
             ... on level 10 of the Dungeon.
             The game lasted 00:14:13 (9846 turns).

Apogee the Fighter (Palentonga Berserker)           Turns: 9846, Time: 00:14:14

Health: -8/108     AC:  0    Str: 23    XL:     11   Next: 22%
Magic:  11/11      EV: 19    Int:  8    God:    Trog [*****.]
Gold:   670        SH:  0    Dex: 15    Spells: 10/10 levels left

rFire    . . .     SeeInvis +   (weapon currently unavailable)
rCold    . . .     Faith    .   (shield currently unavailable)
rNeg     . . .     Spirit   .   (armour currently unavailable)
rPois    .         Reflect  .   (helmet currently unavailable)
rElec    .         Harm     .   (cloak currently unavailable)
rCorr    .         Rampage  .   (gloves currently unavailable)
MR       .....                  (no barding)
Stlth    +.........             e - amulet of magic regeneration
HPRegen  0.28/turn              (ring currently unavailable)
MPRegen  0.37/turn              (ring currently unavailable)

@: bat-form, berserk cooldown, flying, slowed, quick
A: tiny, rugged brown scales 3, see invisible
a: Berserk, Trog's Hand, Brothers in Arms, Renounce Religion


You were on level 10 of the Dungeon.
You worshipped Trog.
Trog was extremely pleased with you.
You were in bat-form.
You visited 1 branch of the dungeon, and saw 10 of its levels.

You collected 670 gold pieces.

Inventory:

Hand Weapons
 a - a +0 hand axe
 C - the +7 mace of Brawling (melded) {distort, +Inv rF+}
   (You found it on level 6 of the Dungeon)

   It warps and distorts space around it.
   Unwielding it can cause banishment or high damage.
   It protects you from fire.
   It lets you turn invisible.
 N - the +7 mace of Variability {chain chaos}
   (You found it on level 9 of the Dungeon)

   Each time it hits an enemy it has a different, random effect.
Missiles
 k - 366 stones (quivered)
 O - 3 curare-tipped darts {!f}
Armour
 b - a +1 cloak (melded)
   (You found it on level 3 of the Dungeon)
 q - a +0 chain mail (melded)
   (You took it off an orc on level 3 of the Dungeon)
 r - a +0 helmet (melded)
   (You found it on level 3 of the Dungeon)
 K - a +2 cloak of stealth
   (You took it off Maurice on level 8 of the Dungeon)
Jewellery
 e - an amulet of magic regeneration (around neck)
   (You found it on level 3 of the Dungeon)
 I - the ring of Qazlal's Supremacy {MP+9 Str+6, unknown}
   (You found it on level 8 of the Dungeon)

   [ring of magical power]

   It affects your strength (+6).
   It affects your magic capacity (+9).
 L - a cursed ring of teleportation {unknown}
   (You found it on level 8 of the Dungeon)
Wands
 t - a wand of flame (13)
   (You found it on level 2 of the Dungeon)
 P - a wand of polymorph (6)
   (You found it on level 9 of the Dungeon)
Scrolls
 c - a scroll of noise {unknown}
 d - 3 scrolls of enchant weapon
 h - 4 scrolls of amnesia
 i - 5 scrolls of teleportation {unknown}
 j - 2 scrolls of random uselessness {unknown}
 l - 3 scrolls of magic mapping {unknown}
 m - 9 scrolls of remove curse {@r2}
 o - 5 scrolls of identify {@r1}
 y - 2 scrolls of enchant armour {unknown}
 z - 3 scrolls of immolation {unknown}
 A - a scroll of acquirement {unknown}
 B - a scroll of summoning {unknown}
 E - a scroll of holy word {unknown}
 F - a scroll of fear {unknown}
 H - a scroll of blinking {unknown}
Potions
 f - a potion of degeneration {unknown}
 g - a potion of magic {unknown}
 n - a potion of ambrosia {unknown}
 p - 4 potions of curing {@q1}
 s - 2 potions of haste {@q3}
 u - a potion of mutation {!q}
 v - a potion of cancellation {unknown}
 w - a potion of attraction {unknown}
 x - 3 potions of flight
 D - a potion of heal wounds {@q2}
 G - 3 potions of brilliance {unknown}
 J - 2 potions of lignification {!q}
 M - a potion of invisibility {unknown}


   Skills:
 + Level 10.5 Fighting
 - Level 9.2(10.4) Axes
 + Level 8.0(9.9) Maces & Flails
 + Level 7.2 Armour
 - Level 1.5 Dodging


You had 10 spell levels left.
You didn't know any spells.
Your spell library was empty.

Dungeon Overview and Level Annotations

Branches:
Dungeon (10/15)            Temple (0/1) D:5            Lair (0/6) D:10
    Orc: D:9-12

Altars:
Ashenzari
Cheibriados
Dithmenos
Hepliaklqana
Makhleb
Nemelex Xobeh
Qazlal
Sif Muna
Uskayaw
Vehumet
Wu Jian
Xom
Zin
The Shining One
Beogh

Shops:
D:10 ?

Annotations:
D:10 Urug
Abyss:1 Grum, Joseph


Innate Abilities, Weirdness & Mutations

(You are completely covered in rugged brown scales. (AC +3, +7% HP))
You have supernaturally acute eyesight. (SInv)
((Armour fits poorly on your strangely shaped body.))
((You can roll at foes to attack.))
((You have a long armoured tail.))
((You curl defensively after being hit.))


Message History

Unknown command.
You hit Urug. Urug misses you.
You closely miss Urug.
Unknown command.
Unknown command.
You bite Urug!
Urug hits you with a +3 vampiric demon trident!
Urug draws strength from your wounds!
Unknown command.
You hit Urug but do no damage.
Unknown command.
You barely miss Urug.
Unknown command.
You hit Urug.
You are no longer berserk.
You are exhausted.
You feel yourself slow down.
Urug hits you with a +3 vampiric demon trident!!
You hit Urug but do no damage.
Urug hits you with a +3 vampiric demon trident!
Urug draws strength from your wounds!
Unknown command.
You bite Urug! Urug barely misses you.
Unknown command.
Unknown command.
You bite Urug!
Urug hits you with a +3 vampiric demon trident!
* * * LOW HITPOINT WARNING * * *
You are too injured to fight recklessly!
Unknown command.
You hit Urug but do no damage. Urug misses you.
Unknown command.
You barely miss Urug. Urug completely misses you.
Unknown command.
You hit Urug.
Urug hits you with a +3 vampiric demon trident!
* * * LOW HITPOINT WARNING * * *
Urug draws strength from your wounds! Urug completely misses you.
Urug throws a javelin.
The javelin barely misses you.
Urug zaps a wand.
You easily resist.
Urug throws a javelin.
The javelin pierces through you!
* * * LOW HITPOINT WARNING * * *
Urug zaps a wand.
You easily resist.
You see here 2 javelins.
Unknown command.
Urug throws a javelin.
The javelin pierces through you!!
You die...

......#.............††....#
..........................#
..........†...............#
..........................#
..........................#
........................#
........................#
........................#
..............b.........#
..............(.........#
........................#
.......................#
......................#
................$....#
..............$.....#
.........o.(.......#
..................#


You could see Urug.

Vanquished Creatures
  A two-headed ogre (D:8)
  3 death yaks (D:10)
  Maurice (D:8)
  Grinder (D:3)
  A chaos spawn (D:9)
  An acid dragon (D:9)
  3 orc warriors
  A sky beast (D:8)
  A black bear (D:9)
  2 ice beasts
  A necrophage (D:9)
  5 ogres
  2 eyes of draining
  4 wolves (D:9)
  2 phantoms
  2 centaurs
  3 big kobolds
  4 bullfrogs
  A water moccasin skeleton (D:4)
  2 scorpions
  8 killer bees
  5 wights (D:8)
  A howler monkey (D:9)
  A bullfrog zombie (D:5)
  2 quasits
  5 hounds
  4 orc priests
  2 bullfrog skeletons
  A centaur zombie (D:7)
  11 orc wizards
  Crazy Yiuf (D:7)
  2 iguanas
  8 worker ants
  A hound zombie (D:6)
  A hound skeleton (D:4)
  A mummy (D:6)
  8 adders
  3 river rats (D:6)
  2 shadow imps
  A white imp (D:6)
  6 ufetubi
  An adder zombie (D:8)
  2 worms
  A dart slug (D:1)
  4 leopard geckos
  57 orcs
  2 ball pythons (D:3)
  8 giant cockroaches
  12 goblins
  4 hobgoblins
  8 jackals
  3 quokkas
  10 bats
  5 frilled lizards
  A jackal zombie (D:8)
  25 kobolds
  A leopard gecko skeleton (D:9)
  15 rats
274 creatures vanquished.

Vanquished Creatures (collateral kills)
  3 death yaks (D:10)
  2 chaos spawn (D:9)
  A howler monkey zombie (D:9)
6 creatures vanquished.

Grand Total: 280 creatures vanquished

Notes
Turn   | Place    | Note
-------+----------+-------------------------------------------
     0 | D:1      | Apogee the Palentonga Berserker began the quest for the
                  | Orb.
     0 | D:1      | Reached XP level 1. HP: 20/20 MP: 1/1
   140 | D:1      | Reached XP level 2. HP: 16/27 MP: 2/2
   617 | D:1      | Reached ** piety under Trog
   652 | D:1      | Reached XP level 3. HP: 27/33 MP: 3/3
  1102 | D:2      | Noticed a big kobold
  1104 | D:2      | Found a transporter.
  1107 | D:2      | Found a shimmering blue altar of Sif Muna.
  1116 | D:2      | Found a transporter.
  1402 | D:2      | Found a glowing silver altar of Zin.
  1500 | D:2      | Reached *** piety under Trog
  1608 | D:2      | Found a stormy altar of Qazlal.
  1608 | D:2      | Found a radiant altar of Vehumet.
  1753 | D:2      | Killed a big kobold
  1753 | D:2      | Reached skill level 4 in Fighting
  1753 | D:2      | Reached skill level 5 in Axes
  1753 | D:2      | Reached XP level 4. HP: 42/42 MP: 4/4
  1902 | D:3      | Reached XP level 5. HP: 49/49 MP: 5/5
  1982 | D:3      | Noticed Grinder
  1986 | D:3      | Paralysed by Grinder for 7 turns
  2010 | D:3      | Killed Grinder
  2010 | D:3      | Reached XP level 6. HP: 43/56 MP: 6/6
  2812 | D:3      | You fall into a shaft and drop 2 floors!
  2812 | D:5      | Entered Level 5 of the Dungeon
  2821 | D:5      | Reached skill level 5 in Fighting
  2933 | D:5      | Gained mutation: You curl defensively after being hit.
                  | [Palentonga growth]
  2933 | D:5      | Reached XP level 7. HP: 33/65 MP: 7/7
  3108 | D:5      | Found a staircase to the Ecumenical Temple.
  3187 | D:5      | Reached **** piety under Trog
  3381 | D:5      | Found a broken altar of Ashenzari.
  3808 | D:4      | Reached skill level 6 in Fighting
  3815 | D:4      | Reached XP level 8. HP: 53/74 MP: 8/8
  4636 | D:3      | Found a hide-covered altar of Uskayaw.
  4639 | D:3      | Noticed a +0 dagger
  4640 | D:3      | Noticed a +0 hand axe
  5312 | D:6      | Found a hazy altar of Hepliaklqana.
  5381 | D:6      | Found a snail-covered altar of Cheibriados.
  5479 | D:6      | Found a sparkling altar of Nemelex Xobeh.
  5607 | D:6      | Reached ***** piety under Trog
  5618 | D:6      | Got a bloodstained mace
  5619 | D:6      | Identified the +7 mace of Brawling {distort, +Inv rF+} (You
                  | found it on level 6 of the Dungeon)
  5755 | D:6      | Reached skill level 7 in Fighting
  5755 | D:6      | Reached skill level 1 in Maces & Flails
  6179 | D:7      | Reached XP level 9. HP: 84/84 MP: 9/9
  6270 | D:7      | Received a gift from Trog
  6679 | D:7      | Found a runed translucent door.
  6680 | D:7      | Noticed Crazy Yiuf
  6816 | D:7      | Found a shadowy altar of Dithmenos.
  6823 | D:7      | Reached skill level 8 in Fighting
  7117 | D:7      | Killed Crazy Yiuf
  7279 | D:8      | Found a broken altar of Ashenzari.
  7289 | D:8      | Got a smoking golden ring
  7309 | D:8      | Noticed Joseph
  7320 | D:8      | Banished Joseph
  7348 | D:8      | Reached skill level 5 in Maces & Flails
  7394 | D:8      | Reached skill level 5 in Armour
  7474 | D:8      | Found a roughly hewn altar of Beogh.
  7649 | D:8      | Reached XP level 10. HP: 96/96 MP: 10/10
  7680 | D:8      | Noticed Maurice
  7707 | D:8      | Killed Maurice
  7707 | D:8      | Reached skill level 9 in Fighting
  7819 | D:8      | Noticed a two-headed ogre
  7825 | D:8      | Killed a two-headed ogre
  7867 | D:8      | Found a burning altar of Makhleb.
  7869 | D:8      | Found a glowing golden altar of the Shining One.
  7879 | D:8      | Found a snail-covered altar of Cheibriados.
  8223 | D:9      | Found a shimmering altar of Xom.
  8226 | D:9      | Found the +7 mace of Variability {chain chaos}
  8783 | D:9      | Noticed Grum
  8807 | D:9      | Banished Grum
  9060 | D:9      | Reached skill level 10 in Fighting
  9119 | D:9      | Found an ornate altar of the Wu Jian Council.
  9252 | D:10     | Entered Level 10 of the Dungeon
  9364 | D:10     | Found Boev's Magic Scroll Emporium.
  9504 | D:10     | Noticed a death yak
  9504 | D:10     | Noticed a death yak
  9504 | D:10     | Noticed a death yak
  9504 | D:10     | Noticed a death yak
  9517 | D:10     | Killed a death yak
  9519 | D:10     | Killed a death yak
  9519 | D:10     | Received a gift from Trog
  9519 | D:10     | Reached XP level 11. HP: 107/107 MP: 11/11
  9521 | D:10     | Noticed a death yak
  9522 | D:10     | Killed a death yak
  9525 | D:10     | Noticed a death yak
  9527 | D:10     | Killed a death yak
  9531 | D:10     | Killed a death yak
  9534 | D:10     | Killed a death yak
  9656 | D:10     | Found a staircase to the Lair.
  9808 | D:10     | Noticed Urug
  9846 | D:10     | Hit by a javelin thrown by Urug

Illustrated notes

Levels and vault maps discovered:
D:1:      minmay_arrival_four_loops, layout_rooms, minmay_pentomino_v2
D:2:      layout_loops_ring, gammafunk_temple_overflow_arena,
          nicolae_overflow_crystal_walls, gammafunk_temple_overflow_statue
D:3:      layout_loops_ring, dancing_weapons_uskayaw, hangedman_decor_growths,
          minmay_bisected, uniq_grinder
D:4:      layout_rooms
D:5:      layout_cave_pools, minmay_temple_entry_glass, evilmike_ruin_ashenzari
D:6:      layout_loops_ring, nemelex_xobeh_ov_fountains_minmay,
          lemuel_crystal_altar, portal_sewer_entry_e, chei_slow_surprise
D:7:      layout_loops_cross, kennysheep_little_box, uniq_crazy_yiuf_cottage
D:8:      layout_rooms, overflow_temple_1_default, grunt_temple_overflow_open,
          special_room [special_room_orc], uniq_joseph, uniq_maurice
D:9:      layout_roguey, overflow_temple_1_default,
          minmay_guarded_unrand_variability, uniq_grum
D:10:     layout_small_grid, dpeg_lair_monsters, serial_shops,
          nicolae_shop_trees, uniq_urug

Skill      XL: |  1  2  3  4  5  6  7  8  9 10 11 |
---------------+----------------------------------+-----
Axes           | 5 6 8 9 |  9.2
Fighting       | 4 5 6 7 8 10 | 10.5
Armour         | 3 5 6 7 |  7.2
Maces & Flails | 2 5 7 8 |  8.0
Dodging        | |  1.5

Action                   |  1- 3 |  4- 6 |  7- 9 | 10-12 || total
-------------------------+-------+-------+-------+-------++-------
Melee: Hand axe          |   123 |    99 |   189 |       ||   411
       Tailslap          |    10 |     8 |    31 |    17 ||    66
       Mace              |       |       |   183 |   128 ||   311
       Unarmed           |       |       |       |    23 ||    23
Invok: Berserk           |     1 |     3 |    11 |     7 ||    22
       Trog's Hand       |       |       |     1 |       ||     1
       Brothers in Arms  |       |       |       |     3 ||     3
 Abil: Rolling Charge    |     3 |     1 |     2 |       ||     6
Evoke: Wand              |       |     2 |       |       ||     2
  Use: Potion            |       |     2 |       |       ||     2
       Scroll            |       |       |     8 |       ||     8
 Stab: Sleeping          |     1 |       |       |       ||     1
       Invisible         |       |       |       |     1 ||     1
Armor: Animal skin       |    42 |     9 |       |       ||    51
       Skin              |       |    35 |       |       ||    35
       Chain mail        |       |    44 |   252 |   110 ||   406
Dodge: Dodged            |    84 |    32 |   121 |    52 ||   289

Table legend: (Time is in decaauts)
 A = Elapsed time spent in this place.
 B = Non-inter-level travel time spent in this place.
 C = Inter-level travel time spent in this place.
 D = Time resting spent in this place.
 E = Time spent auto-exploring this place.
 F = Levels seen in this place.
 G = Mean time per level.
                   A        B        C        D        E       F      G
               +--------+--------+--------+--------+--------+-----+--------+
         Total |   9999 |   9639 |    360 |   1276 |   6723 |  10 |  999.9 |
       Dungeon |   9999 |   9639 |    360 |   1276 |   6723 |  10 |  999.9 |
               +--------+--------+--------+--------+--------+-----+--------+

Top non-repeatable levels by time:
     D:3: 1488 daAuts
     D:6: 1201 daAuts
     D:9: 1156 daAuts
     D:5: 1015 daAuts
     D:7: 1010 daAuts
     D:1: 985 daAuts
     D:8: 981 daAuts
     D:2: 911 daAuts
     D:4: 654 daAuts
    D:10: 595 daAuts
